 Dungeon Crawl Stone Soup version 0.31.0-11-ge490571c62 (webtiles) character file.

Game seed: 6941337155729937233

105 Gadfly the Ruffian (level 4, -1/32 HPs)
             Began as a Demonspawn Shapeshifter on Jan 27, 2024.
             Slain by Eustachio
             ... wielding a +0 rapier
              (11 damage)
             ... on level 4 of the Dungeon.
             The game lasted 00:05:36 (3065 turns).

Gadfly the Ruffian (Demonspawn Shapeshifter)        Turns: 3065, Time: 00:05:36

Health: -1/32      AC:  3    Str: 16      XL:     4   Next: 54%
Magic:  4/4        EV: 12    Int: 10      God:
Gold:   144        SH:  0    Dex:  8 (13) Spells: 2/3 levels left

rFire   . .          .
                       - Unarmed
rCold   . . .        (no shield)
rNeg    . . .        a - +0 animal skin
rPois   .            g - +0 helmet
rElec   .            (no cloak)
rCorr   .            (no gloves)
SInv    .            (no boots)
Will    .....        k - amulet of reflection
Stlth   +            (no ring)
HPRegen 0.25/turn    (no ring)
MPRegen 0.09/turn

%: reflection
@: confused, ambrosia-drunk
A: claws 1, demonic guardian 1
a: no special abilities


You were on level 4 of the Dungeon.
You visited 1 branch of the dungeon, and saw 4 of its levels.

You collected 144 gold pieces.

Inventory:

Hand Weapons
 b - a +2 spear of flaming
 o - a +2 vampiric short sword
Armour
 a - a +0 animal skin (worn)
 g - a +0 helmet (worn)
Jewellery
 k - an amulet of reflection (around neck)
Talismans
 c - a beast talisman
 d - a flux talisman
Scrolls
 h - a scroll of torment
 l - a scroll of identify
Potions
 f - a potion of lignification
 i - a potion of attraction
 j - a potion of haste
 n - 2 potions of curing


   Skills:
 + Level 1.6 Fighting
 * Level 2.7 Dodging
 + Level 3.0 Unarmed Combat
 * Level 2.4 Evocations
 + Level 2.9 Shapeshifting


You had 2 spell levels left.
You knew the following spells:

 Your Spells              Type           Power      Damage    Failure   Level
a - Apportation           Tloc           0%         N/A       36%         1

Your spell library contained the following spells:

 Spells                   Type           Power      Damage    Failure   Level
 Freeze                   Ice            0%         1d3       36%         1
 Jinxbite                 Hex            0%         N/A       50%         2
 Lesser Beckoning         Tloc           0%         N/A       50%         2
 Frozen Ramparts          Ice            0%         1d1       75%         3
 Gell's Gravitas          Tloc           0%         N/A       75%         3
 Hailstorm                Conj/Ice       0%         3d5       75%         3
 Summon Ice Beast         Ice/Summ       0%         N/A       75%         3
 Teleport Other           Tloc           0%         N/A       75%         3
 Alistair's Intoxication  Alch           0%         N/A       100%        5
 Summon Mana Viper        Hex/Summ       0%         N/A       100%        5
 Monstrous Menagerie      Summ           0%         N/A       100%        7


Dungeon Overview and Level Annotations

Branches:
Dungeon (4/15)
 Temple: D:4-7

Altars:

Annotations:
D:4 Eustachio


Innate Abilities, Weirdness & Mutations

You have sharp fingernails.
A weak demonic guardian rushes to your aid.


Message History

Eustachio gestures wildly while chanting.
You scratch Eustachio.
Eustachio is moderately wounded.
Eustachio hits you with a +0 rapier.
The quasit bites you but does no damage.
The quasit barely misses you. The quasit closely misses you.
The crimson imp barely misses you. The white imp gestures at you.
The puff of frost hits you!
You miss Eustachio.
Eustachio is moderately wounded.
Eustachio utters an oath, "I will die for my friends!"
Eustachio hits you with a +0 rapier.
* * * LOW HITPOINT WARNING * * *
The quasit bites you.
* * * LOW HITPOINT WARNING * * *
You feel clumsy. The quasit misses you.
The quasit claws you but does no damage.
The crimson imp hits you.
* * * LOW HITPOINT WARNING * * *
A demonic guardian appears!
You block the white imp's attack.
You are confused.
You feel invigorated. The quasit barely misses you. The quasit claws you.
* * * LOW HITPOINT WARNING * * *
You feel clumsy.
The quasit claws you but does no damage.
Eustachio mumbles some strange words.
Your quasit closely misses the quasit.
Your quasit claws the quasit but does no damage.
Your quasit barely misses the quasit.
The white imp misses you. The crimson imp hits you.
* * * LOW HITPOINT WARNING * * *
You bump into the stone wall.
The quasit bites you but does no damage.
The quasit misses you.
The quasit claws you but does no damage.
Eustachio hits you with a +0 rapier!
You die...
Eustachio says, "Such is the fate of all honourless rascals."

#..## #.ยง.#
#..####...#
##....#..(# #
##.#.......####
#.##..##..........
##.#...###..........
#....5.+ ##........#
#.55###.5...#####
##5@##5.#...#
##@#..##...# ##r.##
...# #.b.# #.##
#...... .#
#..##.##.#.# ....
#.# # #..#. ..# #...
#..


You could see Eustachio, a quasit (summoned, ally target), a crimson imp
(summoned), a river rat (summoned), a white imp (summoned), a bat (summoned) and
a friendly quasit (summoned).

Vanquished Creatures
  A ribbon worm (D:2)
  6 orcs (D:3)
  7 ball pythons
  5 bats
  6 endoplasms
  A giant cockroach (D:3)
  4 goblins
  5 hobgoblins
  4 jackals (D:1)
  4 kobolds
  5 quokkas
  4 frilled lizards (D:2)
  7 rats
59 creatures vanquished.

Vanquished Creatures (collateral kills)
  An orc priest (D:3)
  A kobold (D:3)
2 creatures vanquished.

Grand Total: 61 creatures vanquished

Notes
Turn   | Place    | Note
-------+----------+-------------------------------------------
     0 | D:1      | Gadfly the Demonspawn Shapeshifter began the quest for the
                  | Orb.
     0 | D:1      | Reached XP level 1. HP: 15/15 MP: 1/1
   146 | D:1      | Gained mutation: You have sharp fingernails. [demonic
                  | ancestry]
   146 | D:1      | Reached XP level 2. HP: 17/21 MP: 2/2
   152 | D:1      | Reached skill level 1 in Evocations
   885 | D:1      | Gained mutation: A weak demonic guardian rushes to your
                  | aid. [demonic ancestry]
   885 | D:1      | Reached XP level 3. HP: 26/26 MP: 3/3
  1318 | D:2      | Learned a level 1 spell: Apportation
  2203 | D:3      | Reached XP level 4. HP: 32/32 MP: 4/4
  2432 | D:3      | Reached skill level 3 in Unarmed Combat
  2898 | D:4      | Noticed Eustachio
  3065 | D:4      | Slain by Eustachio

Illustrated notes

Levels and vault maps discovered:
D:1:      kennysheep_arrival_forest, layout_basic, corexii_corridor_pit,
          nicolae_concentric_dashed_squares_wild
D:2:      minmay_evil_eye, layout_basic
D:3:      layout_loops_ring
D:4:      layout_loops_cross, nicolae_ossuary_entry_giza,
          nicolae_wooded_promenade, uniq_eustachio

Skill      XL: |  1  2  3  4 |
---------------+-------------+-----
Dodging        | 2 |  2.7
Evocations     | 1 2 |  2.4
Unarmed Combat | 3 |  3.0
Fighting       | |  1.6
Shapeshifting  | |  2.9

Action                     |  1- 3 |  4- 6 || total
---------------------------+-------+-------++-------
  Melee: Unarmed           |   130 |    40 ||   170
         Short sword       |    14 |       ||    14
         Punch             |     4 |       ||     4
         Spear             |     5 |    20 ||    25
Ability: Begin Untransform |     2 |       ||     2
    Use: Scroll            |     6 |     5 ||    11
         Potion            |       |     2 ||     2
   Stab: Sleeping          |     3 |     1 ||     4
         Distracted        |     1 |     2 ||     3
 Armour: Animal skin       |    63 |    64 ||   127
  Dodge: Dodged            |    89 |    45 ||   134
  Block: Other             |    17 |     9 ||    26
   Form: Beast             |     1 |       ||     1
